 Dungeon Crawl Stone Soup version 0.18-a0-1773-gec4f98e (webtiles) character file.

263 M4edhros the Tainter (level 6, -1/54 HPs)
             Began as an Octopode Venom Mage on Apr 13, 2016.
             Succumbed to a scorpion's poison
             ... on level 4 of the Dungeon on Apr 14, 2016.
             The game lasted 00:07:59 (3194 turns).

M4edhros the Tainter (Octopode Venom Mage)          Turns: 3194, Time: 00:08:00

Health: -1/54      AC: 23    Str:  7    XL:     6   Next: 19%
Magic:  0/9        EV:  2    Int: 18    God:
Gold:   134        SH:  0    Dex: 14    Spells: 2 memorised, 5 levels left

rFire  . . .     SeeInvis .     n - +1 dagger (drain)
rCold  . . .     Gourm    .     (no shield)
rNeg   + + +     Faith    .     (helmet currently unavailable)
rPois  +         Spirit   .     (no amulet)
rElec  .         Dismiss  .     f - ring of stealth
rCorr  .         Reflect  .     (no ring)
SustAt .         Harm     .     (no ring)
MR     .....     NoTele   +     (no ring)
Stlth  ++++......               (no ring)
                                (no ring)
                                (no ring)
                                (no ring)

@: lethally poisoned (-1 -> -18), tree-form (expiring), not resistant to hostile
enchantments, stealthy
A: almost no armour, (amphibious), 8 rings, (constrict 8), (camouflage 0),
(gelatinous body 0)
a: no special abilities


You were on level 4 of the Dungeon.
You were hungry.
You were a tree.
You visited 1 branch of the dungeon, and saw 4 of its levels.

You collected 134 gold pieces.

Inventory:

Hand Weapons
 n - a +1 dagger of draining (weapon)
Missiles
 g - 95 stones (quivered)
Jewellery
 f - a ring of stealth (left branch)
Scrolls
 d - a scroll of identify
 e - 2 scrolls of noise
 l - a scroll of blinking
Potions
 m - a potion of cure mutation
Books
 a - a Young Poisoner's Handbook

   Spells                             Type                      Level
   a - Sting                          Conjuration/Poison           1
   b - Cure Poison                    Poison                       2
   c - Mephitic Cloud                 Conjuration/Poison/Air       3
   d - Olgreb's Toxic Radiance        Poison                       4
   e - Venom Bolt                     Conjuration/Poison           5
Comestibles
 b - 3 bread rations
 h - a slice of pizza
 k - 2 meat rations
 o - a royal jelly


   Skills:
 - Level 2.0 Dodging
 - Level 2.6 Stealth
 - Level 2.0 Spellcasting
 + Level 8.7 Poison Magic


You had 5 spell levels left.
You knew the following spells:

 Your Spells              Type           Power        Failure   Level  Hunger
a - Sting                 Conj/Pois      ###.         3%          1    #......
b - Mephitic Cloud        Conj/Pois/Air  ##......     21%         3    ###....


Dungeon Overview and Level Annotations

Branches:
Dungeon (4/15)
 Temple: D:4-7

Altars:
Ashenzari
Fedhas

Annotations:
D:4 Dowan


Innate Abilities, Weirdness & Mutations

You cannot wear most types of armour.
((You are amphibious.))
You can wear up to eight rings at the same time.
((You can use your tentacles to constrict eight enemies at once.))
((Your skin changes colour to match your surroundings (Stealth).))
((Your rubbery body absorbs attacks (AC +1).))


Message History

The scorpion stings you but does no damage.
You hit the scorpion but do no damage.
The scorpion is almost dead.
* * * LOW HITPOINT WARNING * * *
You feel sick.
The scorpion stings you but does no damage.
You hit the scorpion.
You kill the scorpion!
You have reached level 6!
Your experience leads to an increase in your attributes!
Increase (S)trength, (I)ntelligence, or (D)exterity?
You feel agile.
* * * LOW HITPOINT WARNING * * *
You feel sick.
Drink which item? (? for menu, Esc to quit)
You have no mutations to cure!
Drink which item? (? for menu, Esc to quit)
Your magical effects are unravelling.
You feel magically purged.
You die...

#....# #.......# #.#
#....# #.......# #.#
#$...# #.......# #.#
#....# #.......# #.#
.#####'###.......# #.#
#.................###.#
#...................#.#
..................#.#.#
.............♣....#...#
..................#####
...........########
..!........#
###########


There were no monsters in sight!

Vanquished Creatures
  A scorpion (D:4)
  A hound (D:4)
  An orc wizard (D:3)
  Terence (D:3)
  5 adders
  2 worms
  2 dart slugs
  4 orcs (D:3)
  11 bats
  3 giant cockroaches
  3 goblins
  7 hobgoblins
  7 jackals
  A quokka (D:2)
  5 giant newts
  11 kobolds
  13 rats
78 creatures vanquished.

Notes
Turn   | Place    | Note
--------------------------------------------------------------
     0 | D:1      | M4edhros the Octopode Venom Mage began the quest for the Orb.
     0 | D:1      | Reached XP level 1. HP: 11/11 MP: 3/3
   213 | D:1      | Upgraded the game from 0.18-a0-1764-gf4ddf0b to 0.18-a0-1773-gec4f98e
   219 | D:1      | Reached skill level 5 in Poison Magic
   398 | D:1      | Reached XP level 2. HP: 12/17 MP: 0/5
   962 | D:1      | Reached XP level 3. HP: 19/21 MP: 0/6
  1167 | D:1      | Reached skill level 6 in Poison Magic
  1662 | D:2      | Learned a level 3 spell: Mephitic Cloud
  1819 | D:2      | Reached XP level 4. HP: 27/27 MP: 4/7
  2209 | D:2      | Reached skill level 7 in Poison Magic
  2424 | D:3      | Noticed Terence
  2481 | D:3      | Noticed a phantom
  2544 | D:3      | Found a blossoming altar of Fedhas.
  2622 | D:3      | Found a shattered altar of Ashenzari.
  2826 | D:3      | Killed Terence
  2826 | D:3      | Reached XP level 5. HP: 22/31 MP: 1/8
  3113 | D:4      | Reached skill level 8 in Poison Magic
  3119 | D:4      | Noticed Dowan
  3192 | D:4      | HP: 1/46 [poisoned by a scorpion]
  3193 | D:4      | Reached XP level 6. HP: 1/36 MP: 0/9
  3194 | D:4      | Succumbed to a scorpion's poison

Vault maps used:
D:1:      dpeg_cavernosity
D:3:      kennysheep_big_flooded_room, old_standard_altar, fedhas_altar_1,
          uniq_terence
D:4:      lemuel_round_altar, minmay_temple_entry_trees, first_bread,
          uniq_duvessa

Skill      XL: |  1  2  3  4  5 |
---------------+----------------+-----
Poison Magic   | 5 6 7 8 |  8.7
Dodging        | |  2.0
Stealth        | |  2.6
Spellcasting   | |  2.0

Action                   |  1- 3 |  4- 6 || total
-------------------------+-------+-------++-------
Melee: Whip              |     4 |       ||     4
       Whip              |    26 |    33 ||    59
       Constrict         |     8 |    16 ||    24
       Tentacles         |     3 |     9 ||    12
       Dagger            |       |    23 ||    23
 Cast: Sting             |    67 |    83 ||   150
  Use: Potion            |     6 |     3 ||     9
       Scroll            |       |     5 ||     5
  Eat: Bread ration      |     1 |       ||     1
       Chunk             |       |     5 ||     5
Armor: Skin              |     4 |       ||     4
       Skin              |     9 |    13 ||    22
Dodge: Dodged            |    33 |    67 ||   100
       Dodged            |     6 |       ||     6
